[Event "Team 45 45 League T60"]
[Site "Internet Chess Club"]
[Date "2014.04.21"]
[Round "8"]
[White "lacibacsi"]
[Black "chess09"]
[Result "1/2-1/2"]
[WhiteElo "2000"]
[BlackElo "1971"]
[Opening "Sicilian: closed"]
[ECO "B24"]
[Time "17:30:16"]
[TimeControl "2700+45"]

1. e4 c5 2. Nc3 Nc6 3. g3 g6 4. Bg2 Bg7 5. d3 e6 6. Be3 d6 7. Qd2 Nd4 8. Nd1 Ne7
9. c3 Ndc6 10. Bh6 O-O 11. h4 f6 12. Bxg7 Kxg7 13. Ne3 h6 14. Ne2 Bd7 15. Ng4
Ng8 16. f4 f5 17. Ne3 Nf6 18. Bf3 h5 19. O-O Ng4 20. d4 cxd4 21. Nxd4 Qb6 22.
Nc4 Qc5 23. b4 Nxb4 24. cxb4 Qxc4 25. Rac1 Qa6 26. Rc7 Rf7 27. exf5 gxf5 28.
Rxb7 Rc8 29. Qb2 Kg8 30. b5 Qa4 31. Nc6 Qc4 32. Rc1 Qd3 33. Rc3 Bxc6 34. Rxd3
Bxb7 35. Bxb7 Rxb7 36. Rxd6 Rbc7 37. Rc6 Kf7 38. Qb3 Rxc6 39. bxc6 Kf6 40. Qb2+
Kg6 41. Qb3 Rxc6 42. a4 Nf6 43. a5 Ne4 44. Qb5 Rd6 45. Qe8+ Kh6 46. Qh8+ Kg6 47.
Qg8+ Kh6 48. Qh8+ Kg6 49. Qg8+ {Game drawn by mutual agreement} 1/2-1/2

[Event "Team 45 45 League T60"]
[Site "Internet Chess Club"]
[Date "2014.04.17"]
[Round "8"]
[White "byebyebadman"]
[Black "Tobiasdelmonte"]
[Result "0-1"]
[WhiteElo "1778"]
[BlackElo "1858"]
[Opening "Alekhine's defense: modern, Larsen variation"]
[ECO "B04"]
[Time "16:45:39"]
[TimeControl "2700+45"]

1. e4 Nf6 2. e5 Nd5 3. d4 d6 4. Nf3 dxe5 5. Nxe5 c6 6. Be2 Nd7 7. Nf3 N7f6 8.
O-O Bg4 9. h3 Bh5 10. c4 Nb6 11. b3 e6 12. Be3 Be7 13. Nc3 O-O 14. Rc1 Re8 15.
g4 Bg6 16. Ne5 Ba3 17. Nxg6 Bxc1 18. Qxc1 hxg6 19. Rd1 Rc8 20. Bf3 Rc7 21. a4
Qe7 22. Be2 Rd7 23. f4 Red8 24. Bf3 Qb4 25. g5 Nh5 26. Qc2 Ng3 27. c5 Nf5 28.
Bf2 Nc8 29. Ne2 Nxd4 30. Nxd4 Rxd4 31. Rxd4 Rxd4 32. Be1 Qxe1+ {White resigns}
0-1

[Event "Team 45 45 League T60"]
[Site "Internet Chess Club"]
[Date "2014.04.21"]
[Round "8"]
[White "FourKnights"]
[Black "Nathan-L"]
[Result "0-1"]
[WhiteElo "1763"]
[BlackElo "1885"]
[Opening "Queen's pawn game"]
[ECO "E10"]
[Time "17:52:17"]
[TimeControl "2700+45"]

1. d4 e6 2. c4 Nf6 3. Nf3 d5 4. e3 b6 5. Nc3 Bb4 6. Bd2 O-O 7. a3 Bxc3 8. Bxc3
c5 9. cxd5 Nxd5 10. dxc5 Nxc3 11. bxc3 bxc5 12. Qxd8 Rxd8 13. Rd1 Rxd1+ 14. Kxd1
Bb7 15. Be2 Nd7 16. Kc2 Kf8 17. Rd1 Nb6 18. g3 Ke7 19. Nd2 Bc6 20. Bf3 Ba4+ 21.
Kc1 Rd8 22. Re1 Rd3 23. Nb1 Rd6 24. Bd1 Bc6 25. Be2 Na4 26. Rd1 Be4 27. Rxd6
Kxd6 28. Bb5 Nb6 29. Nd2 f5 30. f3 Bb7 31. Kc2 g6 32. Kd3 a6 33. Nc4+ Nxc4 34.
Bxc4 Bxf3 35. Bxa6 e5 36. c4 Kc6 37. Kc3 Kb6 38. Bb5 Bc6 39. a4 Be4 40. h4 h6
41. Be8 g5 42. Bb5 f4 43. exf4 exf4 44. gxf4 gxf4 45. Kd2 Bf3 46. Kd3 Ka5 47.
Kc3 Bd1 48. Bc6 f3 49. Kd2 f2 50. Bg2 Bb3 51. Ke3 Bxc4 52. Kxf2 Kxa4 53. Ke3 Kb3
54. Kd2 Kb2 55. Be4 Bf7 56. h5 c4 57. Bg6 c3+ 58. Ke3 Bxg6 59. hxg6 c2 {White
resigns} 0-1

[Event "Team 45 45 League T60"]
[Site "Internet Chess Club"]
[Date "2014.04.16"]
[Round "8"]
[White "Zugzwanged"]
[Black "fireball"]
[Result "0-1"]
[WhiteElo "1744"]
[BlackElo "1760"]
[Opening "French: Tarrasch"]
[ECO "C03"]
[Time "22:04:45"]
[TimeControl "2700+45"]

1. e4 e6 2. d4 d5 3. Nd2 h6 4. Ngf3 Nf6 5. e5 Nfd7 6. Bd3 c5 7. c3 Nc6 8. O-O g5
9. h3 h5 10. dxc5 g4 11. Nh2 gxh3 12. g3 Bxc5 13. Nb3 Bb6 14. Nf3 Rg8 15. Kh2
Ndxe5 16. Nxe5 Nxe5 17. Bb5+ Bd7 18. Qe2 Qf6 19. Bxd7+ Nxd7 20. Be3 O-O-O 21.
Bxb6 Nxb6 22. Qxh5 Rh8 23. Qe2 Nc4 24. Rae1 e5 25. Nc5 Qc6 26. Nd3 d4 27. Rg1
dxc3 28. Nxe5 Nxe5 29. Qxe5 c2 30. Qf5+ Kb8 31. Rc1 Rc8 32. Qf4+ Ka8 33. Qe3
Rce8 34. Qc3 Qxc3 35. bxc3 Re2 36. Rgf1 b6 37. Rce1 Rxe1 38. Rxe1 Rd8 39. Rc1
Rd2 40. Kxh3 Rxf2 41. g4 Kb7 42. Kg3 Rd2 43. Kf3 Rd3+ 44. Kf4 Rxc3 45. g5 Kc6
46. Kf5 Kd5 47. Kf6 Rc7 48. Kf5 Kd4 49. Kf6 Kd3 50. Kf5 Kd2 {White resigns} 0-1

[Event "Team 45 45 League T60"]
[Site "Internet Chess Club"]
[Date "2014.04.20"]
[Round "8"]
[White "fledermaus"]
[Black "achessman"]
[Result "1-0"]
[WhiteElo "1902"]
[BlackElo "1859"]
[Opening "QGD Slav: 3.Nf3"]
[ECO "D11"]
[Time "14:08:12"]
[TimeControl "2700+45"]

1. d4 d5 2. c4 c6 3. Nf3 e6 4. Qc2 Nf6 5. Bg5 Nbd7 6. e3 Bd6 7. Nc3 O-O 8. Bd3
h6 9. Bh4 Qe7 10. cxd5 exd5 11. O-O-O b5 12. Rhg1 g5 13. Bg3 Re8 14. Bxd6 Qxd6
15. e4 Qf4+ 16. Nd2 Qxf2 17. exd5 b4 18. Nce4 Nxe4 19. Bxe4 c5 20. Rge1 Nf6 21.
Bh7+ Kg7 22. Rxe8 Nxe8 23. dxc5 Nf6 24. Be4 Bg4 25. Bf3 Rc8 26. c6 Qd4 27. Nc4
Qf4+ 28. Kb1 Bf5 29. Rd3 g4 30. Be2 Nxd5 31. g3 Qc7 32. Bxg4 Bxd3 33. Qxd3 Rd8
34. Bd7 Ne7 35. Qd4+ f6 36. Qg4+ Kf8 37. Qe6 Nxc6 38. Qxf6+ Kg8 39. Qg6+ Kf8 40.
Qxh6+ Ke7 41. Qg7# {Black checkmated} 1-0

[Event "Team 45 45 League T60"]
[Site "Internet Chess Club"]
[Date "2014.04.19"]
[Round "8"]
[White "Constrictor"]
[Black "jonesey"]
[Result "0-1"]
[WhiteElo "1629"]
[BlackElo "1931"]
[Opening "Réti opening"]
[ECO "A04"]
[Time "15:07:49"]
[TimeControl "2700+45"]

1. Nf3 g6 2. d4 Bg7 3. c4 c5 4. d5 b5 5. cxb5 a6 6. e4 axb5 7. d6 Qb6 8. dxe7
Nxe7 9. Qb3 c4 10. Bxc4 Qa5+ 11. Bd2 bxc4 12. Qxb8 c3 13. Qb3 cxb2 14. Ng5 Qxg5
15. Bxg5 bxa1=Q 16. O-O Qe5 17. Bxe7 Qxe7 {White resigns} 0-1

[Event "Team 45 45 League T60"]
[Site "Internet Chess Club"]
[Date "2014.04.20"]
[Round "8"]
[White "RubberDuck"]
[Black "Frankly"]
[Result "1-0"]
[WhiteElo "1921"]
[BlackElo "1769"]
[Opening "Sicilian: dragon, Yugoslav attack, 10.O-O-O"]
[ECO "B78"]
[Time "14:04:18"]
[TimeControl "2700+45"]

1. e4 c5 2. Nf3 d6 3. d4 cxd4 4. Nxd4 Nf6 5. Nc3 g6 6. Be3 Bg7 7. f3 Nc6 8. Bc4
O-O 9. Qd2 Bd7 10. O-O-O Ne5 11. Bb3 Rc8 12. h4 h5 13. Bh6 Nc4 14. Bxc4 Rxc4 15.
Bxg7 Kxg7 16. Qg5 Nh7 17. Qe3 Qa5 18. Nb3 Qa6 19. e5 Rfc8 20. Kb1 Bf5 21. Nd4
Bd7 22. exd6 exd6 23. g4 Nf6 24. gxh5 Nxh5 25. Qe7 Ba4 26. Nf5+ gxf5 27. Rhg1+
Kh7 28. Qxf7+ {Black resigns} 1-0

[Event "Team 45 45 League T60"]
[Site "Internet Chess Club"]
[Date "2014.04.19"]
[Round "8"]
[White "ghostfire"]
[Black "gcl"]
[Result "1-0"]
[WhiteElo "1705"]
[BlackElo "1709"]
[Opening "Ruy Lopez: Cozio defense deferred"]
[ECO "C70"]
[Time "16:00:11"]
[TimeControl "2700+45"]

1. e4 e5 2. Nf3 Nc6 3. Bb5 a6 4. Ba4 Nge7 5. O-O g6 6. d4 exd4 7. Nxd4 Bg7 8.
Nxc6 Nxc6 9. c3 b5 10. Bb3 O-O 11. Bf4 Bb7 12. Re1 Na5 13. Bc2 Nc4 14. Qc1 d6
15. b3 Ne5 16. Bh6 Qf6 17. Bxg7 Kxg7 18. f4 Nd7 19. Qe3 Rfe8 20. Nd2 Nc5 21. Qg3
Re7 22. b4 Nd7 23. h4 Rae8 24. h5 Qe6 25. hxg6 Qxg6 26. Qh3 Nf6 27. Re3 Kh8 28.
Qh4 Nxe4 29. Nxe4 Bxe4 30. Rg3 Qe6 31. Bxe4 f5 32. Bd5 Qd7 33. Qf6+ Rg7 34. Bc6
Qe7 35. Qxg7+ Qxg7 36. Rxg7 Kxg7 37. Bxe8 c5 38. bxc5 dxc5 39. Re1 Kf6 40. Bd7
b4 41. cxb4 cxb4 42. Re6+ Kf7 43. Rxa6 Ke7 44. Bxf5 b3 45. axb3 h6 46. Rc6 h5
47. b4 h4 48. b5 h3 49. b6 hxg2 50. Kxg2 Kf7 51. b7 Ke7 52. b8=Q Kf7 53. Qb7+
Kg8 54. Rc8# {Black checkmated} 1-0

[Event "Team 45 45 League T60"]
[Site "Internet Chess Club"]
[Date "2014.04.21"]
[Round "8"]
[White "BigH"]
[Black "lemorgado"]
[Result "0-1"]
[WhiteElo "2048"]
[BlackElo "1997"]
[Opening "Queen's pawn, Mason variation"]
[ECO "D00"]
[Time "14:09:43"]
[TimeControl "2700+45"]

1. d4 d5 2. Bf4 e6 3. e3 f5 4. Nf3 Nf6 5. Be2 Bd6 6. Nbd2 c5 7. c3 Nc6 8. Ne5
Qc7 9. Ndf3 O-O 10. h3 Ne4 11. g4 cxd4 12. cxd4 Qa5+ 13. Kf1 Nxe5 14. dxe5 Be7
15. Rg1 Bd7 16. Nd4 Bh4 17. Rg2 fxg4 18. Bxg4 Kh8 19. f3 g5 20. Bh2 Rac8 21. Kg1
Nc5 22. a3 Qb6 23. b4 Na4 24. Qd2 Rc4 25. Kh1 Rfc8 26. f4 Nc3 27. Bxe6 Bxe6 28.
f5 Ne4 29. Qb2 Rxd4 30. exd4 Bxf5 31. Bg1 Bxh3 32. Rc2 Rf8 33. Rac1 Qe6 34. Rc7
Qg4 35. Rxb7 Qf3+ 36. Kh2 Bg3+ 37. Kxh3 Bf4# {White checkmated} 0-1

[Event "Team 45 45 League T60"]
[Site "Internet Chess Club"]
[Date "2014.04.19"]
[Round "8"]
[White "Agarnez"]
[Black "bondguy01"]
[Result "1-0"]
[WhiteElo "1972"]
[BlackElo "1744"]
[Opening "King's Indian: Kazakh variation"]
[ECO "E91"]
[Time "16:00:13"]
[TimeControl "2700+45"]

1. d4 Nf6 2. c4 g6 3. Nc3 Bg7 4. e4 d6 5. Nf3 O-O 6. Be2 Na6 7. Bg5 h6 8. Bh4 c6
9. O-O g5 10. Bg3 Nh5 11. Ne1 Nxg3 12. hxg3 Qb6 13. Nc2 c5 14. Nd5 Qd8 15. g4 e6
16. Nc3 cxd4 17. Nxd4 Qb6 18. Ndb5 Rd8 19. Qd2 Nc7 20. Rad1 a6 21. Nxd6 Ne8 22.
Nxc8 Raxc8 23. Qc2 Nf6 24. Rxd8+ Rxd8 25. Rd1 Qc7 26. Rxd8+ Qxd8 27. e5 Ne8 28.
Qe4 Qc7 29. Bd3 Qxe5 30. Qxb7 Qe1+ 31. Bf1 Nf6 32. Qxa6 Nxg4 33. Qa8+ Bf8 34.
Qf3 Nh2 35. Qe2 Qc1 36. Kxh2 Bd6+ 37. g3 Kg7 38. Nb5 Bb8 39. b4 h5 40. Kg2 h4
41. c5 hxg3 42. fxg3 Qb1 43. a3 Qb3 44. Qd3 Qb2+ 45. Be2 Be5 46. c6 Qc1 47. Qe4
f6 48. Bc4 Qd2+ 49. Qe2 Qd8 50. Qd3 Qb8 51. c7 Bxc7 52. Qd7+ Kh6 53. Nxc7 Qb7+
54. Kh2 Qf3 55. Qd2 Qc6 56. Bxe6 Qxc7 57. a4 Qb6 58. Bd5 Qa6 59. a5 Qb5 60. Qd4
Qe2+ 61. Bg2 Qh5+ 62. Kg1 Qf7 63. a6 {Black resigns} 1-0

[Event "Team 45 45 League T60"]
[Site "Internet Chess Club"]
[Date "2014.04.19"]
[Round "8"]
[White "zugknightly"]
[Black "Manas"]
[Result "0-1"]
[WhiteElo "1813"]
[BlackElo "1795"]
[Opening "English opening"]
[ECO "A10"]
[Time "19:05:31"]
[TimeControl "2700+45"]

1. c4 b6 2. Nc3 Bb7 3. e4 e5 4. g3 f5 5. Bg2 Nf6 6. Qe2 Bc5 7. h3 O-O 8. d3 Qe7
9. Nf3 Nc6 10. O-O Nd4 11. Nxd4 exd4 12. Na4 Bd6 13. Bg5 Rae8 14. Bxf6 Qxf6 15.
f4 fxe4 16. dxe4 Bc6 17. Qc2 d3 18. Qd1 Qd4+ 19. Kh2 Bxe4 20. Bxe4 Rxe4 21. Nc3
Re3 22. Rf3 d2 23. Rxe3 Qxe3 24. Qe2 Qxe2+ 25. Nxe2 Re8 26. Nc3 Bb4 27. Rd1 Bxc3
28. bxc3 Re2+ 29. Kg1 Re1+ {White resigns} 0-1

[Event "Team 45 45 League T60"]
[Site "Internet Chess Club"]
[Date "2014.04.16"]
[Round "8"]
[White "SlimeDog2"]
[Black "Otelo"]
[Result "0-1"]
[WhiteElo "2004"]
[BlackElo "1847"]
[Opening "King's Indian, 3.Nf3"]
[ECO "E60"]
[Time "18:13:22"]
[TimeControl "2700+45"]

1. Nf3 Nf6 2. c4 g6 3. d4 Bg7 4. g3 O-O 5. Bg2 c6 6. Nc3 d6 7. O-O Bg4 8. Qc2
Qd7 9. Rd1 Bh3 10. Bh1 h6 11. e4 Na6 12. a3 Nc7 13. Ne2 Ng4 14. Nf4 Nf6 15. Nxh3
Qxh3 16. Bg2 Qh5 17. h3 Nh7 18. b4 Ne6 19. g4 Nxd4 20. Rxd4 Bxd4 21. gxh5 Bxa1
22. hxg6 fxg6 23. e5 Kg7 24. Nh4 Bxe5 25. Qxg6+ Kh8 26. Be4 Rg8 27. Bxh6 Nf6 28.
Bf5 Rxg6+ 29. Nxg6+ Kh7 30. Bf8 e6 31. Nxe5+ exf5 32. Bxd6 Rd8 33. c5 Ne4 34.
Nc4 b5 35. Ne3 Nxd6 36. cxd6 Kg6 {White resigns} 0-1

[Event "Team 45 45 League T60"]
[Site "Internet Chess Club"]
[Date "2014.04.20"]
[Round "8"]
[White "Warpdrive"]
[Black "MBAStudent"]
[Result "1/2-1/2"]
[WhiteElo "1723"]
[BlackElo "1736"]
[Opening "French: MacCutcheon, Lasker variation, 8...g6"]
[ECO "C12"]
[Time "21:35:53"]
[TimeControl "2700+45"]

1. e4 e6 2. d4 d5 3. Nc3 Nf6 4. Bg5 Bb4 5. e5 h6 6. Bd2 Bxc3 7. bxc3 Ne4 8. Qg4
g6 9. Bd3 Nxd2 10. Kxd2 Qg5+ 11. Qxg5 hxg5 12. f3 c5 13. Nh3 Rh5 14. Nf2 Nc6 15.
Ng4 cxd4 16. Nf6+ Ke7 17. Nxh5 dxc3+ 18. Kxc3 gxh5 19. h4 gxh4 20. Rxh4 Nxe5 21.
Rxh5 Nxd3 22. Kxd3 b6 23. Kd4 Ba6 24. Re1 Rc8 25. f4 Rxc2 26. f5 Rc4+ 27. Ke3 e5
28. Kf3 Kf6 29. g4 d4 30. Rh6+ Kg5 31. Rh5+ {Game drawn by mutual agreement}
1/2-1/2

[Event "Team 45 45 League T60"]
[Site "Internet Chess Club"]
[Date "2014.04.18"]
[Round "8"]
[White "fishhead"]
[Black "tryanything"]
[Result "0-1"]
[WhiteElo "1808"]
[BlackElo "1646"]
[Opening "Ruy Lopez: Schliemann defense, Berger variation"]
[ECO "C63"]
[Time "19:59:29"]
[TimeControl "2700+45"]

1. e4 e5 2. Nf3 Nc6 3. Bb5 f5 4. Nc3 fxe4 5. Nxe4 Nf6 6. Qe2 d6 7. d4 Bd7 8.
dxe5 dxe5 9. c3 Bd6 10. Bg5 O-O 11. Rd1 Qe8 12. Nxd6 cxd6 13. Rxd6 a6 14. Bc4+
Kh8 15. O-O Bg4 16. Qe3 e4 17. Bxf6 Rxf6 18. Re6 Bxe6 {White resigns} 0-1

[Event "Team 45 45 League T60"]
[Site "Internet Chess Club"]
[Date "2014.04.21"]
[Round "8"]
[White "NFork"]
[Black "kyoroogi"]
[Result "1/2-1/2"]
[WhiteElo "2140"]
[BlackElo "2218"]
[Opening "Réti: Nimzovich-Larsen attack"]
[ECO "A01"]
[Time "19:18:55"]
[TimeControl "2700+45"]

1. b3 d5 2. Nf3 Nf6 3. Bb2 e6 4. e3 Be7 5. c4 O-O 6. Be2 c5 7. O-O Nc6 8. d4 b6
9. Nc3 Bb7 10. Rc1 Rc8 11. dxc5 dxc4 12. Bxc4 Bxc5 13. Qe2 Qe7 14. Rfd1 Rfd8 15.
Bd3 Nb4 16. Bb1 Nbd5 17. Nxd5 Nxd5 18. Ne5 Qh4 19. Rc4 Qh6 20. Ng4 Qg5 21. h4
Qe7 22. Qc2 f5 23. Ne5 {Game drawn by mutual agreement} 1/2-1/2

[Event "Team 45 45 League T60"]
[Site "Internet Chess Club"]
[Date "2014.04.21"]
[Round "8"]
[White "cysk"]
[Black "alexping"]
[Result "1/2-1/2"]
[WhiteElo "1768"]
[BlackElo "1875"]
[Opening "French: advance, Euwe variation"]
[ECO "C02"]
[Time "22:15:36"]
[TimeControl "2700+45"]

1. e4 e6 2. d4 d5 3. e5 c5 4. c3 Nc6 5. Nf3 Bd7 6. Be2 Qb6 7. O-O f6 8. exf6
gxf6 9. a3 c4 10. Nbd2 Na5 11. Re1 Bd6 12. Rb1 Qc7 13. b3 cxb3 14. Nxb3 Ba4 15.
Bd3 O-O-O 16. Bc2 Bxb3 17. Bxb3 Nxb3 18. Qxb3 Qf7 19. Rxe6 Rd7 20. Re1 Ne7 21.
Bd2 Nc6 22. a4 Na5 23. Qd1 Rg8 24. Nh4 f5 25. Qf3 f4 26. Qh3 Nc4 27. Nf5 Rg6 28.
Rbd1 Rf6 29. Nxd6+ Rxd6 30. Qf3 Rf6 31. Bc1 Rc7 32. Re2 Nd6 33. Rde1 b6 34. h3
Ne4 35. Qg4+ Kb7 36. f3 h5 37. Qh4 Nxc3 38. Re5 Nxa4 39. Rxh5 Ka6 40. Rh7 Qxh7
41. Qxf6 Rf7 42. Qe5 Rf5 43. Qe2+ Kb7 44. Qe7+ Qxe7 45. Rxe7+ Ka6 46. Re5 Rf7
47. Rxd5 Nc3 48. Re5 b5 49. Bd2 Rc7 50. Bxf4 Rd7 51. Re6+ Kb7 52. Kf2 b4 53. Bd2
Nd5 54. g4 a5 55. Re1 Nb6 56. h4 Nc4 57. Bxb4 axb4 58. Rb1 Kc6 59. Rxb4 Kd5 60.
g5 {Game drawn by mutual agreement} 1/2-1/2

[Event "Team 45 45 League T60"]
[Site "Internet Chess Club"]
[Date "2014.04.18"]
[Round "8"]
[White "bobhill"]
[Black "JustinL"]
[Result "1-0"]
[WhiteElo "1917"]
[BlackElo "1989"]
[Opening "Queen's bishop game"]
[ECO "D02"]
[Time "10:01:05"]
[TimeControl "2700+45"]

1. d4 Nf6 2. Nf3 d5 3. Bf4 e6 4. e3 Bd6 5. Bxd6 Qxd6 6. Nbd2 c5 7. c3 Nc6 8. Bd3
O-O 9. O-O e5 10. dxe5 Nxe5 11. Nxe5 Qxe5 12. Nf3 Qh5 13. h3 Re8 14. Nh2 Qh4 15.
Nf3 Qh6 16. Re1 Bxh3 17. gxh3 Qxh3 18. Bf1 Qg4+ 19. Bg2 Re6 20. Nh2 Qg5 21. f4
Qg3 22. Qf3 Qh4 23. Qh3 Qxh3 24. Bxh3 Rb6 25. Re2 Re8 26. Rae1 Ne4 27. Nf1 Rg6+
28. Kh2 Rh6 29. Ng3 Ra6 30. Nxe4 Rxe4 31. Bg2 Re7 32. Bxd5 h5 33. Rg1 Kh7 34. e4
Rf6 35. Rf2 g6 36. e5 Rxe5 37. Bxb7 Ref5 38. Rgf1 g5 39. Be4 {Black resigns} 1-0

[Event "Team 45 45 League T60"]
[Site "Internet Chess Club"]
[Date "2014.04.19"]
[Round "8"]
[White "CuatroPrincesas"]
[Black "Pomberito"]
[Result "1/2-1/2"]
[WhiteElo "2198"]
[BlackElo "2166"]
[Opening "Scotch: Mieses variation"]
[ECO "C45"]
[Time "13:03:25"]
[TimeControl "2700+45"]

1. e4 e5 2. Nf3 Nc6 3. d4 exd4 4. Nxd4 Nf6 5. Nxc6 bxc6 6. e5 Qe7 7. Qe2 Nd5 8.
c4 Ba6 9. g3 g6 10. b3 Bg7 11. Bb2 O-O-O 12. Nd2 Rhe8 13. O-O-O Nb6 14. f4 d5
15. Qf3 Bb7 16. Bg2 f6 17. Rhe1 fxe5 18. fxe5 Kb8 19. Qe2 Ba6 20. Kb1 Bc8 21.
cxd5 cxd5 22. Rc1 Bf5+ 23. Ka1 Bh6 24. Bd4 Qg5 25. Rcd1 Bc2 26. Nf3 Bxd1 27.
Rxd1 Qe7 28. Qc2 Qd7 29. a4 Qf5 30. Qc3 Bf8 31. a5 c5 32. axb6 axb6 33. Be3 Rd7
34. Bf4 Bg7 35. h4 h6 36. Re1 Ra7+ 37. Kb2 Qe6 38. Ra1 Rxa1 39. Kxa1 Kc7 40. Kb1
Qf5+ 41. Qc2 Qe4 42. Kc1 Kd7 43. Bh3+ Kc6 44. Bg2 Kd7 45. Bh3+ Kc6 46. Bg2 Kd7
{Game drawn by repetition} 1/2-1/2

[Event "Team 45 45 League T60"]
[Site "Internet Chess Club"]
[Date "2014.04.16"]
[Round "8"]
[White "Ianjo"]
[Black "f5"]
[Result "1-0"]
[WhiteElo "1937"]
[BlackElo "2094"]
[Opening "Scandinavian: Pytel-Wade variation"]
[ECO "B01"]
[Time "13:30:23"]
[TimeControl "2700+45"]

1. e4 d5 2. exd5 Qxd5 3. Nc3 Qd6 4. d4 Nf6 5. Nf3 c6 6. Bc4 Bg4 7. Be3 e6 8. h3
Bh5 9. g4 Bg6 10. Ne5 Nbd7 11. Bf4 Nxe5 12. Bxe5 Qd8 13. Qe2 Bb4 14. O-O Qe7 15.
f4 O-O-O 16. a3 Bxc3 17. bxc3 Ne4 18. f5 exf5 19. gxf5 Qg5+ 20. Kh2 Bxf5 21. Bd3
Bxh3 22. Kxh3 Nd6 23. Qg4+ Qxg4+ 24. Kxg4 f6 25. Bg3 Kd7 26. Rae1 Rdf8 27. a4 b6
28. Kf3 g6 29. c4 Nf7 30. Bh4 f5 31. Re7+ Kd6 32. Rfe1 {Black resigns} 1-0

[Event "Team 45 45 League T60"]
[Site "Internet Chess Club"]
[Date "2014.04.21"]
[Round "8"]
[White "LittleButton"]
[Black "LuxAeterna"]
[Result "0-1"]
[WhiteElo "1850"]
[BlackElo "2114"]
[Opening "Queen's Indian defense"]
[ECO "E12"]
[Time "17:00:21"]
[TimeControl "2700+45"]

1. d4 Nf6 2. Nf3 e6 3. c4 b6 4. Bg5 h6 5. Bh4 Be7 6. Nc3 Bb7 7. e3 c5 8. Be2
cxd4 9. Nxd4 O-O 10. O-O Nc6 11. Ndb5 Ne8 12. Bg3 Na5 13. Nd6 Nxd6 14. Bxd6 Rc8
15. b3 Ba8 16. Nb5 a6 17. Bxe7 Qxe7 18. Nd4 Nc6 19. Qd2 Nxd4 20. Qxd4 b5 21.
cxb5 axb5 22. Bxb5 Qg5 {White resigns} 0-1

[Event "Team 45 45 League T60"]
[Site "Internet Chess Club"]
[Date "2014.04.17"]
[Round "8"]
[White "misuc56"]
[Black "Stiltzkin"]
[Result "0-1"]
[WhiteElo "1812"]
[BlackElo "1782"]
[Opening "Nimzo-Indian defense"]
[ECO "E20"]
[Time "13:00:18"]
[TimeControl "2700+45"]

1. d4 Nf6 2. c4 e6 3. Nc3 Bb4 4. Bd2 O-O 5. e3 b6 6. Nf3 Bb7 7. Be2 d5 8. cxd5
exd5 9. O-O a6 10. h3 Nbd7 11. Rc1 Bd6 12. a3 c5 13. Bd3 c4 14. Be2 b5 15. Nh2
Ne4 16. Nxe4 dxe4 17. Bb4 Bxb4 18. axb4 Rc8 19. Bg4 f5 20. Be2 Nf6 21. g4 Nd5
22. gxf5 Nxb4 23. Kh1 Nd3 24. Rc2 Qh4 25. Bg4 Rc7 26. f4 exf3 27. Bxf3 Rxf5 28.
Bxb7 Rxf1+ 29. Qxf1 Rxb7 30. Nf3 Qe4 31. Qg2 Re7 32. Ne5 Qxg2+ 33. Rxg2 Nxe5 34.
dxe5 Rxe5 35. Rg3 h6 36. Rg6 Rxe3 37. Rxa6 Rxh3+ 38. Kg2 Rb3 39. Ra2 b4 40. Kh2
c3 41. bxc3 bxc3 42. Ra8+ Kf7 43. Rc8 Rb2+ 44. Kg3 c2 45. Kg4 Kf6 46. Kh5 g6+
47. Kg4 h5+ 48. Kh4 Kf5 49. Rc5+ Kf4 50. Rc4+ Ke3 51. Kg5 Kd2 52. Rd4+ Kc1
{White resigns} 0-1

[Event "Team 45 45 League T60"]
[Site "Internet Chess Club"]
[Date "2014.04.20"]
[Round "8"]
[White "pokerram"]
[Black "Constrictor"]
[Result "0-1"]
[WhiteElo "1642"]
[BlackElo "1646"]
[Opening "Ruy Lopez: Cozio defense"]
[ECO "C60"]
[Time "16:02:40"]
[TimeControl "2700+45"]

1. e4 e5 2. Nf3 Nc6 3. Bb5 Nge7 4. c3 d6 5. O-O g6 6. h3 Bg7 7. d4 a6 8. Ba4 b5
9. Bb3 O-O 10. Bg5 Na5 11. dxe5 Nxb3 12. axb3 h6 13. exd6 hxg5 14. dxe7 Qxe7 15.
Re1 g4 16. hxg4 Bxg4 17. Nbd2 Bh6 18. Qc2 Rad8 19. Nf1 Bxf3 20. gxf3 Qg5+ 21.
Ng3 Rd2 22. Qb1 Rfd8 23. Rxa6 Qc5 24. Nh1 Bf4 25. e5 Qe7 26. Rf6 Bxe5 27. Rxg6+
fxg6 28. f4 Qf6 29. fxe5 Qg5+ 30. Ng3 R8d3 31. Kf1 Rxg3 32. fxg3 Qxg3 33. Re2
Qf3+ 34. Kg1 Rxe2 35. Qxg6+ Kf8 36. Qh6+ Ke8 37. Qe6+ Kd8 38. Qg8+ Kd7 39. Qh7+
Kc8 40. Qg8+ Kb7 {White resigns} 0-1

[Event "Team 45 45 League T60"]
[Site "Internet Chess Club"]
[Date "2014.04.20"]
[Round "8"]
[White "nanning"]
[Black "supermessi"]
[Result "1-0"]
[WhiteElo "1609"]
[BlackElo "1564"]
[Opening "QGD Slav: 4.e3"]
[ECO "D11"]
[Time "13:58:46"]
[TimeControl "2700+45"]

1. d4 d5 2. c4 c6 3. Nf3 Nf6 4. e3 e6 5. b3 Be7 6. Bb2 O-O 7. Bd3 Re8 8. O-O c5
9. cxd5 exd5 10. Qc2 cxd4 11. Nxd4 h6 12. Nd2 Bd6 13. N2f3 Bg4 14. h3 Bxf3 15.
Nxf3 Nc6 16. Rad1 Ne4 17. Nd4 Rc8 18. Qb1 Qe7 19. Nf5 Qg5 20. Bxe4 Bb8 21. Rxd5
Ne5 22. f4 Qf6 23. fxe5 Qg5 24. Rf3 Bxe5 25. Bxe5 Rxe5 26. Rxe5 Qd8 27. Ne7+ Kf8
28. Nxc8 Qxc8 29. Bg6 f6 30. Re8+ Qxe8 31. Bxe8 Kxe8 32. Qg6+ Kf8 33. e4 b6 34.
e5 {Black resigns} 1-0

[Event "Team 45 45 League T60"]
[Site "Internet Chess Club"]
[Date "2014.04.18"]
[Round "8"]
[White "eknuds01"]
[Black "mugurelt"]
[Result "0-1"]
[WhiteElo "1626"]
[BlackElo "1721"]
[Opening "English opening"]
[ECO "A10"]
[Time "08:11:21"]
[TimeControl "2700+45"]

1. c4 b6 2. Nf3 Bb7 3. g3 Bxf3 4. exf3 c5 5. Bg2 Nc6 6. Nc3 Nf6 7. O-O e6 8. Ne4
Be7 9. d3 h6 10. Be3 Qc7 11. Nc3 a6 12. Re1 Rd8 13. f4 h5 14. Qa4 Qc8 15. Rad1
h4 16. Rd2 hxg3 17. fxg3 Ng4 18. Bh1 Nxe3 19. Rxe3 Nd4 20. Ne2 Bf6 21. Nc3 Nf5
22. Re1 Bd4+ 23. Kf1 Ne3+ 24. Rxe3 Bxe3 25. Re2 Bd4 26. Ne4 Ke7 27. Ng5 f6 28.
Nf3 Qb7 29. Bg2 Qc7 30. Nxd4 cxd4 31. Kg1 a5 32. Re4 Qc5 33. Qc2 Qh5 34. Bh1 e5
35. Qe2 Qxe2 36. Rxe2 d6 37. Bd5 Kd7 38. fxe5 dxe5 39. a3 Kd6 40. Kf1 Rh5 41. b4
axb4 42. axb4 Rdh8 43. Kg1 f5 44. Bf3 Rh3 45. Rc2 Rc8 46. Bg2 Rhh8 47. Ra2 g5
48. Ra6 Kc7 49. Ra7+ Kd8 50. Bb7 Rh7 51. Bxc8 Rxa7 52. Bxf5 Ra2 53. h4 gxh4 54.
gxh4 Ke7 55. h5 Kf6 56. Bg6 b5 57. cxb5 Rb2 58. Be8 Kg5 59. Kf1 Rd2 60. Bg6 Rb2
61. Be8 Kf4 62. Kg1 Ra2 63. Bf7 Ra7 64. Be8 Ra8 65. Bc6 Rh8 66. b6 Rxh5 67. b7
Rh8 68. Kf2 Rh2+ 69. Kg1 Rh8 70. Bd7 Rb8 71. Bc8 Ke3 72. Kf1 Kxd3 73. Ke1 Kc4
74. Ke2 Kxb4 75. Kd3 Kc5 76. Ke4 Kd6 77. Kd3 Kc7 78. Ke4 Rxc8 79. bxc8=Q+ Kxc8
80. Kxe5 d3 {White resigns} 0-1